AoeStats
← Governor1234

Arena

510225488Analyzed
1v1 RM · 3d ago on Sep 30, 2026· 25m 16s· 2 players
Game mode
Random Map
Map size
Tiny (2 player)
Population
200
Speed
Normal
Resources
Standard
Victory
Conquest
Starting age
Dark Age
Ending age
Imperial Age
RankedLock teamsTeams togetherTeam positionsShared explorationLock speedFull tech treeHidden civsTurbo modeCheats
Victory
Defeat
🇹🇼 Spanish · Taiwan
597
+17
🇨🇳 Burmese · China
617
-36
hyoga
9:28 Loom
12:46 Feudal Age
17:37 Castle Age
15:36 Double-Bit Axe
19:14 Stone Mining
21:01 Horse Collar
21:38 Bow Saw
24:36 Gold Mining
Governor1234
5:59 Loom
11:35 Feudal Age
13:05 Wheelbarrow
18:07 Scale Mail Armor
21:38 Castle Age
22:02 Arson
23:14 Man-at-Arms
23:15 Pikeman
24:16 Stone Mining
25:21 Chain Mail Armor
Connection lost

Rejoining the realm…

Still unreachable

The connection could not be restored.

Session expired

The server has moved on; the page needs a fresh start.